 Dungeon Crawl Stone Soup version 0.28.0-53-g5a82cb258f (webtiles) character file.

Game seed: 7945477628945946296

1 Zeld the Conjurer (level 1, -1/10 HPs)
             Began as a Gargoyle Conjurer on June 1, 2022.
             Slain by an adder (3 damage)
             ... on level 1 of the Dungeon.
             The game lasted 00:00:45 (79 turns).

Zeld the Conjurer (Gargoyle Conjurer)                 Turns: 79, Time: 00:00:46

Health: -1/10      AC:  4    Str: 10    XL:     1   Next: 20%
Magic:  0/3        EV: 11    Int: 18    God:
Gold:   0          SH:  0    Dex:  8    Spells: 3/4 levels left

rFire   . . .      SeeInvis .   (no weapon)
rCold   . . .      Faith    .   (no shield)
rNeg    + . .      Spirit   .   a - +0 robe
rPois   ∞          Reflect  .   (no helmet)
rElec   +          Harm     .   (no cloak)
rCorr   .          Rampage  .   (no gloves)
Will    .....                   (no boots)
Stlth   ++........              (no amulet)
HPRegen 0.03/turn               (no ring)
MPRegen 0.08/turn               (no ring)

@: no status effects
A: sickness immunity, AC +2, negative energy resistance 1, electricity
resistance, torment resistance 1, petrification resistance
a: no special abilities


You were on level 1 of the Dungeon.
You visited 1 branch of the dungeon, and saw 2 of its levels.

Inventory:

Armour
 a - a +0 robe (worn)


   Skills:
 - Level 1.5 Dodging
 + Level 2.2 Stealth
 * Level 2.0 Spellcasting
 + Level 4.3 Conjurations
 * Level 0.0 Hexes
 * Level 0.1 Translocations


You had 3 spell levels left.
You knew the following spells:

 Your Spells              Type           Power      Damage    Failure   Level
a - Magic Dart            Conj           68%        1d6       3%          1

Your spell library contained the following spells:

 Spells                   Type           Power      Damage    Failure   Level
 Searing Ray              Conj           34%        2d5       4%          2
 Dazzling Flash           Conj/Hex       18%        N/A       22%         3
 Iskenderun's Mystic Bla  Conj/Tloc      9%         2d4       56%         4
 Fulminant Prism          Conj/Hex       4%         3d6       58%         4


Dungeon Overview and Level Annotations

Branches:
Dungeon (2/15)

Altars:


Innate Abilities, Weirdness & Mutations

You are immune to sickness and miasma.
Your stone body is resilient. (AC +2)
You are immune to poison.
You resist negative energy. (rN+)
You are resistant to electric shocks. (rElec)
You are resistant to unholy torment.
You are immune to petrification.


Message History

Casting: Magic Dart (safe; 3% risk of failure)
Confirm with . or Enter, or press ? or * to list all spells.
Aiming: Magic Dart (safe; 3% risk of failure)
Press: ? - help, Shift-Dir - straight line, f/p - quokka
Aim: a quokka (severely wounded, 100% to hit)
The magic dart hits the quokka.
You kill the quokka!
The adder bites you.
* * * LOW HITPOINT WARNING * * *
The rat closely misses you. The adder completely misses you.
There is a stone staircase leading up here.
The adder barely misses you.
You climb upwards.
Found 23 gold pieces.
There is a stone staircase leading down here.
The adder closely misses you. The adder barely misses you.
The adder bites you but does no damage.
Casting: Magic Dart (safe; 3% risk of failure)
Confirm with . or Enter, or press ? or * to list all spells.
Aiming: Magic Dart (safe; 3% risk of failure)
Press: ? - help, Shift-Dir - straight line, f - adder
Aim: an adder (100% to hit)
The magic dart hits the adder.
The adder is heavily wounded.
The adder closely misses you.
Unknown command.
The adder bites you but does no damage. The adder closely misses you.
The adder bites you but does no damage.
Casting: Magic Dart (safe; 3% risk of failure)
Confirm with . or Enter, or press ? or * to list all spells.
Aiming: Magic Dart (safe; 3% risk of failure)
Press: ? - help, Shift-Dir - straight line, f/p - adder
Aim: an adder (moderately wounded, 100% to hit)
The magic dart hits the adder.
The adder is severely wounded.
The adder bites you.
You die...

........#.#
.....#..#.#
..#...#.#.#
........#.# #
.....#$#.# .#
#.....#.# ..#
#.$...#.##...##
#>.............
#@###.#.##...#
#S#...#.# #
#.##.##.######
#..............
#.....############.
#.#####


You could see an adder.

Vanquished Creatures
  A quokka (D:2)
1 creature vanquished.

Notes
Turn   | Place    | Note
-------+----------+-------------------------------------------
     0 | D:1      | Zeld the Gargoyle Conjurer began the quest for the Orb.
     0 | D:1      | Reached XP level 1. HP: 10/10 MP: 3/3
    79 | D:1      | Slain by an adder

Illustrated notes

Levels and vault maps discovered:
D:1:      onia_arrival_handbag, layout_basic,
          hellmonk_ecumenical_altar_leap_of_faith
D:2:      minmay_chambers_of_ones, layout_loops_ring, basic_altar

Action                   || total
-------------------------++-------
Melee: Unarmed           ||     1
 Cast: Magic Dart        ||     8
Armor: Robe              ||     8
Dodge: Dodged            ||    11
